cohdb
Replays
Latest Replays
All Replays
Popular Replays
Top Player Replays
Match Explorer
How It Works
Community
CoH3 Stats
Reddit
Sign in to upload your games and track your stats! →
Sign in with Steam
Match 43406390
Unlisted
Match 43406390
Overview
Messages
Build Orders
End
Panzergrenadier Squad
Selects Panzerjäger Kommand Battlegroup
Selects Mine Fields
250 Light Carrier
Panzergrenadier Squad
Construct Light Support Kompanie
Combat Half-tracks
Fire Support Elements
Panzerjäger Mechanized Group
Selects Early Warning
Flakvierling Half-track
Selects Tank Busters
Pak 38 Anti-tank Gun Team
Selects Crew Shock Tactics
Crew Shock Tactics
Construct Mechanized Kompanie
Panzerjäger Squad
Selects Butterfly Bomb Drop
Marcus287
Cocaccola
RunningWithFate
Onoyk
0
0
Comments
sign in to comment!
No comments posted yet!